APL (24 & UNDER)
STATE COLLEGE SPIKES @ SCOTTSDALE SCORPIONS
07/03/2026
 
TOP OF THE 1ST
State College Spikes batting - Pitching for Scottsdale Scorpions : RHP Curt Watkins
Pitching: RHP Curt Watkins
Batting: RHB Alonzo Herrera 0-0: Ball
1-0: Ball
2-0: Called Strike
2-1: Foul Ball, location: 2F
2-2: Strikes out looking
Batting: RHB Piotr Zahn 0-0: Called Strike
0-1: Ball
1-1: Ball
2-1: Called Strike
2-2: Strikes out swinging
Batting: RHB Martín López 0-0: Ball
1-0: Ground out 4-3 (Groundball, 4M)
Top of the 1st over - 0 run(s), 0 hit(s), 0 error(s), 0 left on base; State College 0 - Scottsdale 0
BOTTOM OF THE 1ST
Scottsdale Scorpions batting - Pitching for State College Spikes : RHP Manuel Montoya
Pitching: RHP Manuel Montoya
Batting: RHB Edgardo Gonzáles 0-0: Called Strike
0-1: Foul Ball, location: 2F
0-2: Strikes out looking
Batting: LHB Claudio Rodríguez 0-0: Foul Ball, location: 2F
0-1: Ball
1-1: Foul Ball, location: 2F
1-2: SINGLE (Groundball, 34)
Batting: SHB William Daly 0-0: Called Strike
0-1: Ball
1-1: 2-RUN HOME RUN (Line Drive, 9D), Distance : 367 ft
Batting: RHB Gary Thomas 0-0: Ball
1-0: Ball
2-0: Called Strike
2-1: Ground out 1-3 (Groundball, 13)
Batting: LHB José Garza 0-0: Fly out, F7 (Flyball, 7LMF)
Bottom of the 1st over - 2 run(s), 2 hit(s), 0 error(s), 0 left on base; State College 0 - Scottsdale 2
TOP OF THE 2ND
State College Spikes batting - Pitching for Scottsdale Scorpions : RHP Curt Watkins
Batting: SHB Clint Woods 0-0: Ball
1-0: Ball
2-0: Foul Ball, location: 2F
2-1: Ball
3-1: Foul Ball, location: 2F
3-2: Ground out 1-3 (Groundball, 13S)
Batting: RHB Andrew Deal 0-0: Called Strike
0-1: SINGLE (Line Drive, 6M)
Batting: LHB Burt Ward 0-0: Called Strike
0-1: Ball
Andrew Deal is caught stealing 2nd base
1-1: Swinging Strike
1-2: Strikes out swinging
Top of the 2nd over - 0 run(s), 1 hit(s), 0 error(s), 0 left on base; State College 0 - Scottsdale 2
BOTTOM OF THE 2ND
Scottsdale Scorpions batting - Pitching for State College Spikes : RHP Manuel Montoya
Batting: RHB Geomar Dalsoglio 0-0: Ball
1-0: Ball
2-0: Foul Ball, location: 2F
2-1: Ball
3-1: Base on Balls
Batting: LHB Ernesto Hernández 0-0: Hit by Pitch
Geomar Dalsoglio to second
Batting: RHB David Suarze 0-0: Swinging Strike
0-1: Ball
1-1: Called Strike
1-2: Strikes out swinging
Batting: RHB Cristián Román 0-0: Ball
1-0: Ball
2-0: Ball
3-0: Base on Balls
Geomar Dalsoglio to third
Ernesto Hernández to second
Batting: RHB Edgardo Gonzáles 0-0: Called Strike
0-1: Foul Ball, location: 2F
0-2: Foul Ball, location: 2F
0-2: Foul Ball, location: 2F
0-2: SINGLE (Line Drive, 34D)
Geomar Dalsoglio scores
Ernesto Hernández to third
Cristián Román to second
Runner from 3rd tries for Home, SAFE, no throw or cutoff
Batting: LHB Claudio Rodríguez 0-0: Called Strike
0-1: Ball
1-1: Ball
2-1: SINGLE (Groundball, 34D)
Cristián Román to third
Edgardo Gonzáles to second
Runner from 3rd tries for Home, SAFE, throw made home
Batting: SHB William Daly 0-0: SINGLE (Groundball, 34D) (infield hit)
Edgardo Gonzáles to third
Claudio Rodríguez to second
Batting: RHB Gary Thomas 0-0: Ball
1-0: Ground out 3-1 (Groundball, 34)
Edgardo Gonzáles scores
Claudio Rodríguez to third
William Daly to second
Batting: LHB José Garza 0-0: Swinging Strike
0-1: Ball
1-1: Ground out 4-3 (Groundball, 4M)
Bottom of the 2nd over - 4 run(s), 3 hit(s), 0 error(s), 2 left on base; State College 0 - Scottsdale 6
TOP OF THE 3RD
State College Spikes batting - Pitching for Scottsdale Scorpions : RHP Curt Watkins
Batting: SHB Greg Butterfield 0-0: Called Strike
0-1: Foul Ball, location: 2F
0-2: Strikes out swinging
Batting: RHB Javier Peña 0-0: Called Strike
0-1: Fly out, F9 (Flyball, 89D)
Batting: RHB Norberto Márquez 0-0: Hit by Pitch
Batting: RHB Alonzo Herrera 0-0: Ball
Norberto Márquez steals 2nd base
1-0: Ball
2-0: Foul Ball, location: 2F
2-1: Ball
3-1: Foul Ball, location: 2F
3-2: Strikes out swinging
Top of the 3rd over - 0 run(s), 0 hit(s), 0 error(s), 1 left on base; State College 0 - Scottsdale 6
BOTTOM OF THE 3RD
Scottsdale Scorpions batting - Pitching for State College Spikes : RHP Manuel Montoya
Batting: RHB Geomar Dalsoglio 0-0: Ball
1-0: Hit by Pitch
Pinch Runner at 1st Steve Baird:
Batting: LHB Ernesto Hernández 0-0: Ball
1-0: Fly out, F8 (Flyball, 8LM)
Batting: RHB David Suarze 0-0: Foul Ball, location: 2F
0-1: SINGLE (Groundball, 6M)
Steve Baird to second
Batting: RHB Cristián Román 0-0: Ball
1-0: Fly out, F9 (Flyball, 89M)
Batting: RHB Edgardo Gonzáles 0-0: Ball
1-0: Called Strike
1-1: Ball
2-1: Ball
3-1: Base on Balls
Steve Baird to third
David Suarze to second
Batting: LHB Claudio Rodríguez 0-0: Ball
1-0: Foul Ball, location: 2F
1-1: Ball
2-1: Ball
3-1: Base on Balls
Steve Baird scores
David Suarze to third
Edgardo Gonzáles to second
Batting: SHB William Daly 0-0: Ball
1-0: Ball
2-0: SINGLE (Line Drive, 6M)
David Suarze scores
Edgardo Gonzáles to third
Claudio Rodríguez to second
Runner from 3rd tries for Home, SAFE, no throw or cutoff
Pitching: RHP Javier Molina
Batting: RHB Gary Thomas 0-0: Foul Ball, location: 2F
0-1: Ground out 3-1 (Groundball, 34)
Bottom of the 3rd over - 3 run(s), 2 hit(s), 0 error(s), 2 left on base; State College 0 - Scottsdale 9
TOP OF THE 4TH
State College Spikes batting - Pitching for Scottsdale Scorpions : RHP Curt Watkins
Now at SS: Steve Baird
Batting: RHB Piotr Zahn 0-0: Foul Ball, location: 2F
0-1: Swinging Strike
0-2: Ball
1-2: Ground out 1-3 (Groundball, 13S)
Batting: RHB Martín López 0-0: Ball
1-0: Foul Ball, location: 2F
1-1: Called Strike
1-2: Foul Ball, location: 2F
1-2: Strikes out swinging
Batting: SHB Clint Woods 0-0: Foul Ball, location: 2F
0-1: Ball
1-1: Ball
2-1: Ground out U3 (Groundball, 3)
Top of the 4th over - 0 run(s), 0 hit(s), 0 error(s), 0 left on base; State College 0 - Scottsdale 9
BOTTOM OF THE 4TH
Scottsdale Scorpions batting - Pitching for State College Spikes : RHP Javier Molina
Batting: LHB José Garza 0-0: Called Strike
0-1: SOLO HOME RUN (Flyball, 9D), Distance : 353 ft
Batting: RHB Steve Baird 0-0: Called Strike
0-1: SINGLE (Groundball, 56D)
Batting: LHB Ernesto Hernández 0-0: Ball
1-0: Foul Ball, location: 2F
1-1: Swinging Strike
1-2: Strikes out looking
Batting: RHB David Suarze 0-0: Foul Ball, location: 2F
0-1: Ball
1-1: Foul Ball, location: 2F
1-2: Strikes out swinging
Batting: RHB Cristián Román 0-0: Fielders Choice at 2nd, 6-4 (Groundball, 6)
Bottom of the 4th over - 1 run(s), 2 hit(s), 0 error(s), 0 left on base; State College 0 - Scottsdale 10
TOP OF THE 5TH
State College Spikes batting - Pitching for Scottsdale Scorpions : RHP Curt Watkins
Batting: RHB Andrew Deal 0-0: SINGLE (Line Drive, 7S)
Batting: LHB Burt Ward 0-0: Called Strike
0-1: Ball
1-1: Ball
2-1: Ball
3-1: Foul Ball, location: 2F
3-2: Strikes out swinging
Batting: SHB Greg Butterfield 0-0: Ball
1-0: Ball
2-0: Ball
3-0: Called Strike
3-1: Foul Ball, location: 2F
3-2: Foul Ball, location: 2F
3-2: Fly out, F7 (Flyball, 7LS)
Batting: RHB Javier Peña 0-0: Ball
1-0: Foul Ball, location: 2F
1-1: Ball
2-1: Ball
3-1: Called Strike
3-2: Foul Ball, location: 2F
3-2: Strikes out swinging
Top of the 5th over - 0 run(s), 1 hit(s), 0 error(s), 1 left on base; State College 0 - Scottsdale 10
BOTTOM OF THE 5TH
Scottsdale Scorpions batting - Pitching for State College Spikes : RHP Javier Molina
Batting: RHB Edgardo Gonzáles 0-0: Ball
1-0: Called Strike
1-1: SINGLE (Groundball, 5S) (infield hit)
Batting: LHB Claudio Rodríguez 0-0: Ball
1-0: Ball
2-0: Ball
3-0: Called Strike
3-1: Base on Balls
Edgardo Gonzáles to second
Batting: SHB William Daly 0-0: Ball
1-0: Swinging Strike
1-1: Foul Ball, location: 2F
1-2: Ball
2-2: 3-RUN HOME RUN (Flyball, 9D), Distance : 364 ft
Batting: RHB Gary Thomas 0-0: Ball
1-0: Ball
2-0: Called Strike
2-1: SINGLE (Flyball, 6MD)
Batting: LHB José Garza 0-0: Ball
1-0: Called Strike
1-1: Fielders Choice at 2nd, 5-4 (Groundball, 56)
Batting: RHB Steve Baird 0-0: Ball
1-0: SINGLE (Groundball, 4MS)
José Garza to second
Runner from 2nd tries for 3rd, SAFE, no throw or cutoff
Batting: LHB Ernesto Hernández 0-0: Ball
1-0: Ball
2-0: Foul Ball, location: 2F
2-1: Ground out U3 (Groundball, 3S)
José Garza scores
Steve Baird to second
Pitching: RHP Donnie Jackson
Batting: RHB David Suarze 0-0: Called Strike
0-1: Ball
1-1: Ball
2-1: Ball
3-1: Foul Ball, location: 2F
3-2: SINGLE (Line Drive, 6MD)
Steve Baird to third
Steve Baird scores
Batting: RHB Cristián Román 0-0: Ball
1-0: Ball
2-0: Ball
3-0: Base on Balls
David Suarze to second
Batting: RHB Edgardo Gonzáles 0-0: Called Strike
0-1: Ball
1-1: Ball
2-1: Swinging Strike
2-2: Ball
3-2: Base on Balls
David Suarze to third
Cristián Román to second
Batting: LHB Claudio Rodríguez 0-0: Ball
1-0: Called Strike
1-1: Foul Ball, location: 2F
1-2: Ball
2-2: Foul Ball, location: 2F
2-2: Foul Ball, location: 2F
2-2: Foul Ball, location: 2F
2-2: SINGLE (Line Drive, 4MD)
David Suarze scores
Cristián Román to third
Edgardo Gonzáles to second
Batting: SHB William Daly 0-0: Called Strike
0-1: Ball
1-1: Ball
2-1: Called Strike
2-2: Ball
3-2: Foul Ball, location: 2F
3-2: Base on Balls
Cristián Román scores
Edgardo Gonzáles to third
Claudio Rodríguez to second
Batting: RHB Gary Thomas 0-0: Ball
1-0: Ball
2-0: Called Strike
2-1: Ball
3-1: Base on Balls
Edgardo Gonzáles scores
Claudio Rodríguez to third
William Daly to second
Batting: LHB José Garza 0-0: Called Strike
0-1: Ball
1-1: Ball
2-1: SINGLE (Groundball, 6MD) (infield hit)
Claudio Rodríguez scores
William Daly to third
Gary Thomas to second
Batting: RHB Steve Baird 0-0: Ball
1-0: Ground out 4-3 (Groundball, 4)
Bottom of the 5th over - 9 run(s), 7 hit(s), 0 error(s), 3 left on base; State College 0 - Scottsdale 19
TOP OF THE 6TH
State College Spikes batting - Pitching for Scottsdale Scorpions : RHP Curt Watkins
Batting: RHB Norberto Márquez 0-0: Ball
1-0: Called Strike
1-1: Foul Ball, location: 2F
1-2: Ball
2-2: Fly out, F6 (Popup, 6MD)
Batting: RHB Alonzo Herrera 0-0: Called Strike
0-1: Foul Ball, location: 2F
0-2: Ball
1-2: Ball
2-2: DOUBLE (Line Drive, 89M)
Batting: RHB Piotr Zahn 0-0: Ball
Alonzo Herrera steals 3rd base
1-0: Ball
2-0: Ball
3-0: Base on Balls
Batting: RHB Martín López 0-0: Called Strike
0-1: Foul Ball, location: 2F
0-2: Ball
1-2: Strikes out swinging
Pitching: LHP António Rodríguez
Batting: SHB Clint Woods 0-0: SINGLE (Line Drive, 89M)
Alonzo Herrera scores
Piotr Zahn to second
Runner from 2nd tries for 3rd, SAFE, throw made to third
Batting: RHB Andrew Deal 0-0: Called Strike
0-1: Ball
1-1: Called Strike
1-2: Foul Ball, location: 2F
1-2: DOUBLE (Groundball, 5L)
Piotr Zahn scores
Clint Woods to third
Batting: LHB Burt Ward 0-0: Called Strike
0-1: Ball
1-1: Called Strike
1-2: Strikes out looking
Top of the 6th over - 2 run(s), 3 hit(s), 0 error(s), 2 left on base; State College 2 - Scottsdale 19
BOTTOM OF THE 6TH
Scottsdale Scorpions batting - Pitching for State College Spikes : RHP Donnie Jackson
Pitching: RHP Bill Hendricks
Batting: LHB Ernesto Hernández 0-0: Called Strike
0-1: Ball
1-1: Ball
2-1: Called Strike
2-2: Foul Ball, location: 2F
2-2: Fly out, F8 (Flyball, 78D)
Batting: RHB David Suarze 0-0: Ball
1-0: Swinging Strike
1-1: Ball
2-1: Ball
3-1: Base on Balls
Batting: RHB Cristián Román 0-0: Ball
1-0: Foul Ball, location: 2F
1-1: Ball
2-1: Foul Ball, location: 2F
2-2: Grounds into double play, 5-4-3 (Groundball, 56)
Bottom of the 6th over - 0 run(s), 0 hit(s), 0 error(s), 0 left on base; State College 2 - Scottsdale 19
TOP OF THE 7TH
State College Spikes batting - Pitching for Scottsdale Scorpions : LHP António Rodríguez
Batting: SHB Greg Butterfield 0-0: SINGLE (Line Drive, 78S)
Batting: RHB Javier Peña 0-0: Ball
1-0: Foul Ball, location: 2F
1-1: SINGLE (Line Drive, 78M)
Greg Butterfield to second
Batting: RHB Norberto Márquez 0-0: Hit by Pitch
Greg Butterfield to third
Javier Peña to second
Batting: RHB Alonzo Herrera 0-0: Ball
1-0: Ball
2-0: Swinging Strike
2-1: Called Strike
2-2: Fly out, F7 (Flyball, 7D)
Runner from 3rd tags up, SCORES, no throw
Batting: RHB Piotr Zahn 0-0: Grounds into double play, 6-4-3 (Groundball, 6)
Top of the 7th over - 1 run(s), 2 hit(s), 0 error(s), 1 left on base; State College 3 - Scottsdale 19
BOTTOM OF THE 7TH
Scottsdale Scorpions batting - Pitching for State College Spikes : RHP Bill Hendricks
Batting: RHB Edgardo Gonzáles 0-0: Foul Ball, location: 2F
0-1: Ground out 5-3 (Groundball, 5S)
Batting: LHB Claudio Rodríguez 0-0: Called Strike
0-1: Ball
1-1: Foul Ball, location: 2F
1-2: Ground out 4-3 (Groundball, 4)
Batting: SHB William Daly 0-0: Swinging Strike
0-1: Swinging Strike
0-2: Ball
1-2: Ball
2-2: Ball
3-2: Base on Balls
Batting: RHB Gary Thomas 0-0: Ball
William Daly is caught stealing 2nd base
Bottom of the 7th over - 0 run(s), 0 hit(s), 0 error(s), 0 left on base; State College 3 - Scottsdale 19
TOP OF THE 8TH
State College Spikes batting - Pitching for Scottsdale Scorpions : LHP António Rodríguez
Now in RF: Felipe Domínguez
Batting: RHB Martín López 0-0: Foul Ball, location: 2F
0-1: Ball
1-1: Foul Ball, location: 2F
1-2: Strikes out swinging
Batting: SHB Clint Woods 0-0: Foul Ball, location: 2F
0-1: Foul Ball, location: 2F
0-2: Foul Ball, location: 2F
0-2: Ball
1-2: Ball
2-2: Ball
3-2: Foul Ball, location: 2F
3-2: Foul Ball, location: 2F
3-2: Strikes out swinging
Batting: RHB Andrew Deal 0-0: Swinging Strike
0-1: Foul Ball, location: 2F
0-2: Strikes out swinging
Top of the 8th over - 0 run(s), 0 hit(s), 0 error(s), 0 left on base; State College 3 - Scottsdale 19
BOTTOM OF THE 8TH
Scottsdale Scorpions batting - Pitching for State College Spikes : RHP Bill Hendricks
Pitching: RHP Esteban Garza
Batting: RHB Gary Thomas 0-0: Called Strike
0-1: Ball
1-1: Reached on error, E5 (Groundball, 56)
Batting: LHB José Garza 0-0: Ball
1-0: Called Strike
1-1: Called Strike
1-2: Strikes out swinging
Batting: RHB Steve Baird 0-0: Ball
1-0: Foul Ball, location: 2F
1-1: Fly out, F8 (Flyball, 8RM)
Batting: LHB Ernesto Hernández 0-0: Called Strike
0-1: Called Strike
0-2: Ball
1-2: Strikes out swinging
Bottom of the 8th over - 0 run(s), 0 hit(s), 1 error(s), 1 left on base; State College 3 - Scottsdale 19
TOP OF THE 9TH
State College Spikes batting - Pitching for Scottsdale Scorpions : LHP António Rodríguez
Batting: LHB Burt Ward 0-0: Called Strike
0-1: Ball
1-1: Ball
2-1: Swinging Strike
2-2: Strikes out swinging
Batting: SHB Greg Butterfield 0-0: Fly out, F5 (Line Drive, 56)
Batting: RHB Javier Peña 0-0: Called Strike
0-1: Foul Ball, location: 2F
0-2: Strikes out looking
Top of the 9th over - 0 run(s), 0 hit(s), 0 error(s), 0 left on base; State College 3 - Scottsdale 19
Monday, December 5th, 2016 - OOTP Baseball 17.12 Build 75